Map: Neon Violet Square LE

Players

llllllllllll

  • Race: Terran Terran
  • League: Master
  • Spawn Location: 11:00

NORTHAMERICA - Winner!

  • Race: Protoss Protoss
  • League: Grandmaster
  • Spawn Location: 5:00

VOD

Have the link to the VOD?

Description

Time

  • Played on: Feb. 13, 2018, 9:44 p.m.
  • Length: 6:07
Show
View Real Time Build Order
Export as new Build Order

llllllllllll Terran 

Build Orders:  

Get SALT Encoding   

  12  0:00  SCV  
  13  0:12  SCV  
  14  0:18  Supply Depot  
  14  0:24  SCV  
  15  0:40  SCV  
  15  0:41  Barracks  
  16  0:46  Refinery  
  16  0:52  SCV  
  17  1:04  SCV  
  18  1:16  SCV  
  19  1:28  Marine  
  19  1:29  Orbital Command  
  20  1:42  Command Center  
  21  1:47  Barracks Reactor  
  20  1:57  SCV, Supply Depot  
  21  2:08  Factory  
  21  2:11  SCV  
  22  2:16  Refinery  
  22  2:23  SCV  
  22  2:24  Marine  
  22  2:25  Marine  
  25  2:33  Barracks  
  25  2:35  SCV  
  26  2:43  Marine x2  
  28  2:49  SCV  
  29  2:53  Factory Tech Lab  
  29  2:55  Orbital Command  
  29  3:03  Marine x2  
  29  3:05  SCV  
  32  3:12  Siege Tank  
  35  3:17  SCV  
  36  3:21  Marine x2  
  36  3:22  SCV  
  36  3:24  Marine  
  40  3:32  Supply Depot  
  40  3:36  SCV  
  40  3:37  SCV  
  40  3:39  Marine x2  
  44  3:50  Marine  
  44  3:53  Engineering Bay  
  44  3:54  Siege Tank  
  44  3:55  Supply Depot  
  48  3:57  Marine  
  49  4:05  Marine  
  49  4:07  SCV x2  
  52  4:16  Marine x2  
  54  4:21  Supply Depot  
  54  4:24  Marine  
  54  4:26  Siege Tank  
  54  4:30  SCV x2  
  60  4:42  SCV  
  61  4:54  Marine x2, Bunker  
  61  4:55  Marine  
  61  4:58  Siege Tank  
  65  5:12  Marine x2  
  67  5:20  Marine  
  67  5:30  Siege Tank  
  67  5:34  Barracks  
  70  5:36  Barracks x2, Marine x2  
  70  5:38  Marine  
Show
View Real Time Build Order
Export as new Build Order

NORTHAMERICA Protoss - Winner!

Build Orders: 1 Gate Expand 

Get SALT Encoding   

  12  0:01  Probe  
  13  0:13  Probe  
  14  0:19  Pylon  
  14  0:25  Probe  
  15  0:37  Probe (Chrono Boost)  
  15  0:38  Gateway  
  16  0:47  Assimilator  
  16  0:48  Probe (Chrono Boost)  
  17  0:53  Probe (Chrono Boost)  
  18  1:03  Probe  
  19  1:15  Probe  
  20  1:25  Nexus  
  20  1:37  Probe  
  20  1:38  Cybernetics Core  
  21  1:47  Assimilator  
  21  1:49  Probe  
  22  1:58  Pylon  
  22  2:01  Probe  
  23  2:15  Stalker (Chrono Boost)  
  23  2:16  Probe  
  23  2:18  Warp Gate  
  26  2:29  Probe (Chrono Boost)  
  27  2:37  Probe (Chrono Boost)  
  27  2:41  Stalker  
  27  2:42  Probe (Chrono Boost)  
  31  2:47  Probe (Chrono Boost)  
  31  2:51  Probe (Chrono Boost)  
  33  2:54  Probe (Chrono Boost)  
  33  2:55  Probe (Chrono Boost)  
  35  2:59  Robotics Facility  
  35  3:03  Probe  
  36  3:06  Probe  
  37  3:16  Probe (Chrono Boost)  
  37  3:18  Probe (Chrono Boost)  
  39  3:21  Gateway  
  39  3:23  Gateway  
  39  3:24  Shield Battery  
  39  3:31  Sentry  
  39  3:33  Probe (Chrono Boost)  
  42  3:35  Pylon  
  42  3:36  Probe (Chrono Boost)  
  42  3:40  Probe (Chrono Boost)  
  44  3:42  Probe  
  44  3:44  Pylon  
  44  3:48  Observer (Chrono Boost)  
  46  3:50  Assimilator  
  46  3:53  Probe  
  46  3:54  Probe, Assimilator  
  48  4:01  Observer (Chrono Boost)  
  49  4:06  Robotics Bay  
  49  4:09  Probe  
  50  4:16  Probe, Pylon  
  52  4:26  Stalker x2  
  52  4:28  Immortal (Chrono Boost)  
  59  4:33  Gateway  
  59  4:34  Stalker  
  61  4:42  Gateway  
  61  4:53  Pylon  
  61  4:57  Stalker x2  
  65  5:02  Disruptor (Chrono Boost)  
  66  5:08  Probe  
  66  5:10  Probe  
  68  5:18  Adept  
  70  5:23  Adept x2  
  70  5:27  Disruptor (Chrono Boost)  
  77  5:38  Pylon  
  77  5:39  Pylon  
  77  5:42  Adept  
  77  5:49  Adept  
  67  5:59  Adept x2  
Tags
 
Add a new tag
Caveats
  • Supply blocks, unpowered buildings, or Contaminate may cause inaccurate times.
  • Supply counts are checked every 10 seconds.